 Seeded DCSS version 0.27.1-3-gb3d3a73c9e (webtiles) character file.

Game seed: 20211021 (custom seed)

11 jessy the Cudgeller (level 2, -1/25 HPs)
             Began as a Palentonga Berserker on Oct 21, 2021.
             Was a Follower of Trog.
             Killed from afar by Sigmund (5 damage)
             ... with a puff of flame
             ... on level 2 of the Dungeon.
             The game lasted 00:03:11 (687 turns).

jessy the Cudgeller (Palentonga Berserker)           Turns: 687, Time: 00:03:12

Health: -1/25      AC:  6    Str: 20    XL:     2   Next: 17%
Magic:  2/2        EV:  8    Int:  7    God:    Trog [*.....]
Gold:   15         SH:  5    Dex:  9    Spells: 1/1 levels left

rFire    . . .     SeeInvis +   a - +0 mace
rCold    . . .     Faith    .   (no shield)
rNeg     . . .     Spirit   .   h - +0 ring mail
rPois    .         Reflect  +   (no helmet)
rElec    .         Harm     .   e - +0 cloak
rCorr    .         Rampage  .   (no gloves)
Will     .....                  (no barding)
Stlth    ..........             c - amulet of reflection
HPRegen  0.08/turn              (no ring)
MPRegen  0.08/turn              (no ring)

@: no status effects
A: large, rugged brown scales 3, see invisible, deformed body, roll 1, armoured
tail
a: Rolling Charge, Renounce Religion, Berserk


You were on level 2 of the Dungeon.
You worshipped Trog.
Trog was aware of your devotion.
You visited 1 branch of the dungeon, and saw 2 of its levels.

You collected 15 gold pieces.

Inventory:

Hand Weapons
 a - a +0 mace (weapon)
Armour
 b - a +0 animal skin
 e - a +0 cloak (worn)
 h - a +0 ring mail (worn)
 j - a +1 pair of boots
Jewellery
 c - an amulet of reflection (around neck)
Scrolls
 d - a scroll of amnesia {unknown}
 f - 2 scrolls of teleportation {unknown}
 i - a scroll of identify {unknown}
Potions
 g - 2 potions of attraction {unknown}


   Skills:
 + Level 3.2 Fighting
 + Level 3.2 Maces & Flails
 + Level 1.6 Armour
 + Level 1.6 Dodging


You had one spell level left.
You didn't know any spells.
Your spell library was empty.

Dungeon Overview and Level Annotations

Branches:
Dungeon (2/15)

Altars:

Shops:
D:1 ?

Annotations:
D:2 Sigmund


Innate Abilities, Weirdness & Mutations

You are completely covered in rugged brown scales. (AC +3, +7% HP)
You have supernaturally acute eyesight. (SInv)
Armour fits poorly on your strangely shaped body.
You can roll at nearby foes to attack.
You have a long armoured tail.


Message History

The worm moves out of view.
Sigmund the Dreaded comes into view.
He is wielding a +0 scythe.
You stumble into a teleport trap!
You are suddenly yanked towards some nearby monsters!
Your surroundings suddenly seem different.
Found a barding and a robe.
Found a stone staircase leading up.
The ball python hisses angrily.
Sigmund barely misses you.
There is a stone staircase leading up here.
Found 6 gold pieces.
Sigmund gestures at you while chanting. The magic dart hits you.
Sigmund points at you and mumbles some strange words.
You resist with significant effort. You block Sigmund's attack.
The goblin closely misses you.
Sigmund hits you from afar with a +0 scythe!
You closely miss the ball python. The ball python barely misses you.
The goblin hits you but does no damage.
Sigmund mumbles some strange words.
Sigmund flickers and vanishes for a moment.
You block the ball python's attack.
You sock the ball python!
You kill the ball python!
Trog accepts your kill. The goblin hits you but does no damage.
You block Sigmund's attack. The goblin hits you with a +0 dagger.
The goblin barely misses you. Sigmund hits you but does no damage.
You see here a ball python corpse.
The goblin hits you but does no damage.
Sigmund screams, "Don't try to resist!"
Sigmund hits you with a +0 scythe!
* * * LOW HITPOINT WARNING * * *
The goblin hits you but does no damage.
You hit the worm.
The worm is moderately wounded.
The goblin hits you but does no damage. Sigmund gestures at you while chanting.
The puff of flame hits you.
You die...

#.# #.# ##. ##.##
.. #.$. .[ #..# .
. #..# .###[.
#..###......
#.@w......... .#
#†g@<..###..###.
#.#.##.(....... .
#.#.# #...... .#
#.#... #..... ..##
#.#.#._#....##....
#...##....b.....#
###.#####.....#
#..........##


You could see Sigmund (invisible), a worm and a goblin.

Vanquished Creatures
  2 ball pythons
  A bat (D:1)
  A giant cockroach (D:1)
  2 hobgoblins (D:1)
  2 kobolds (D:1)
  2 frilled lizards (D:1)
10 creatures vanquished.

Notes
Turn   | Place    | Note
-------+----------+-------------------------------------------
     0 | D:1      | jessy the Palentonga Berserker began the quest for the Orb.
     0 | D:1      | Reached XP level 1. HP: 19/19 MP: 1/1
   275 | D:1      | Reached XP level 2. HP: 25/25 MP: 2/2
   275 | D:1      | Found Gecead's Magic Scroll Emporium.
   672 | D:2      | Found a faded altar of an unknown god.
   673 | D:2      | Noticed Sigmund
   687 | D:2      | Killed from afar by Sigmund

Illustrated notes

Levels and vault maps discovered:
D:1:      denvon_arrival_waterhouse, layout_rooms, serial_shops, shop_statue,
          minmay_misc_feat_roman
D:2:      layout_loops_ring, hellmonk_ecumenical_altar_lost_god,
          serial_bayou_lagoon_a, uniq_sigmund

Action                   || total
-------------------------++-------
Melee: Mace              ||    20
       Tailslap          ||     1
Armor: Ring mail         ||    14
       Animal skin       ||     1
Dodge: Dodged            ||    12
Block: Other             ||     5
